Construct Section Command Post
Selects Australian Defense Battlegroup
Selects Australian Light Infantry Section
Australian Light Infantry Section
Construct Platoon Command Post
Selects Defensive Tactics
Australian Light Infantry Section
Construct Company Command Post
Selects Vehicle Over Repair
Australian Light Infantry Section
Selects CMP 15cwt Supply Run
Unlock M3 Grant Medium Tanks
Selects Reinforced Resource Caches